 Dungeon Crawl Stone Soup version 0.29-a0-721-g7f417c9bbb (webtiles) character file.

Game seed: 13652913622560376529

53638 zeratav the Marksspriggan (level 14, -8/73 HPs)
             Began as a Spriggan Hunter on June 27, 2022.
             Was the Champion of Dithmenos.
             Succumbed to a swamp dragon's poison gas
             ... on level 6 of the Lair of Beasts.
             The game lasted 00:42:47 (21007 turns).

zeratav the Marksspriggan (Spriggan Hunter)        Turns: 21007, Time: 00:42:47

Health: -8/73      AC:  8    Str:  7    XL:     14   Next: 31%
Magic:  22/22      EV: 51    Int: 12    God:    Dithmenos [******]
Gold:   3258       SH:  0    Dex: 28    Spells: 23/23 levels left

rFire   + + .      SeeInvis +   s - +2 arbalest (freeze) {crossbow}
rCold   + . .      Faith    .   (shield currently unavailable)
rNeg    . . .      Spirit   .   U - +2 robe "Kuwiar" {rF+}
rPois   .          Reflect  .   (helmet restricted)
rElec   .          Harm     .   L - scarf {rC+ rF+}
rCorr   .          Rampage  .   (gloves unavailable)
Will    ++...                   (boots unavailable)
Stlth   +++++.....              K - amulet of the acrobat
HPRegen 0.22/turn               p - +4 ring of protection
MPRegen 0.18/turn               I - +6 ring of dexterity

@: lethally poisoned (-8 -> -45), acrobatic, wreathed by umbra, slow
A: very small, no large weapons, unfitting armour, see invisible, speed 3
a: Renounce Religion, Shadow Step, Shadow Form


You were on level 6 of the Lair of Beasts.
You worshipped Dithmenos.
Dithmenos was exalted by your worship.
You visited 4 branches of the dungeon, and saw 21 of its levels.
You also visited: Gauntlet.

You collected 3258 gold pieces.


Innate Abilities, Weirdness & Mutations

You are very small and have problems with some larger weapons.
You are too small for most types of armour.
You have supernaturally acute eyesight. (SInv)
You cover ground extremely quickly. (Speed+++)


   Skills:
 - Level 8.0 Fighting
 - Level 18.0 Ranged Weapons
 - Level 15.0 Dodging
 - Level 10.0 Stealth
 - Level 5.0 Spellcasting
 + Level 4.8 Summonings
 + Level 11.8 Translocations
 - Level 10.0 Evocations


You had 23 spell levels left.
You didn't know any spells.
Your spell library contained the following spells:

 Spells                   Type           Power      Damage    Failure   Level
 Call Imp                 Summ           14%        N/A       4%          2
 Summon Forest            Summ/Tloc      11%        N/A       19%         5
 Beastly Appendage        Tmut           6%         N/A       21%         1
 Foxfire                  Conj/Fire      12%        2x1d4     21%         1
 Magic Dart               Conj           12%        1d3       21%         1
 Static Discharge         Conj/Air       3%         N/A       30%         2
 Sublimation of Blood     Necr           3%         N/A       30%         2
 Wereblood                Tmut           3%         N/A       30%         2
 Conjure Flame            Conj/Fire      3%         6-21      52%         3
 Frozen Ramparts          Ice            6%         1d2       52%         3
 Inner Flame              Hex/Fire       3%         N/A       52%         3
 Mephitic Cloud           Conj/Pois/Air  3%         N/A       52%         3
 Ozocubu's Armour         Ice            3%         N/A       52%         3
 Spider Form              Tmut/Pois      3%         N/A       52%         3
 Summon Ice Beast         Ice/Summ       8%         N/A       58%         4
 Summon Lightning Spire   Summ/Air       8%         N/A       58%         4
 Flame Wave               Conj/Fire      3%         2d4       89%         4
 Ice Form                 Ice/Tmut       3%         N/A       89%         4
 Petrify                  Tmut/Erth      3%         N/A       89%         4
 Irradiate                Conj/Tmut      1%         3d13      99%         5
 Lightning Bolt           Conj/Air       1%         1d12      99%         5
 Metabolic Englaciation   Hex/Ice        1%         N/A       99%         5
 Eringya's Noxious Bog    Tmut/Pois      1%         N/A       100%        6
 Simulacrum               Ice/Necr       1%         N/A       100%        6
 Storm Form               Tmut/Air       1%         N/A       100%        7
 Summon Hydra             Summ           7%         N/A       100%        7
 Maxwell's Capacitive Co  Air            1%         ∞         100%        8

Inventory:

Hand Weapons
 s - a +2 arbalest of freezing (weapon) {crossbow}
   (You found it in a Gauntlet)
 H - the +8 short sword "Goblin's Peril" {vamp, SInv, short}
   (You found it on level 5 of the Dungeon)

   It occasionally heals its wielder for a portion of the damage dealt when it
   wounds a living foe.
   SInv:      It lets you see invisible.
Armour
 L - a scarf of resistance (worn)
   (You found it on level 7 of the Dungeon)
 U - the +2 robe "Kuwiar" (worn) {rF+}
   (You found it in a Gauntlet)

   rF:        It protects you from fire.
Jewellery
 a - the ring "Fuyj" {rPois rF+ rN++ Int+6 Dex-5}
   (You found it in a Gauntlet)

   [ring of intelligence]

   Int:       It affects your intelligence (+6).
   Dex:       It affects your dexterity (-5).
   rF:        It protects you from fire.
   rPois:     It protects you from poison.
   rN:        It greatly protects you from negative energy.
 m - an amulet of regeneration {@e2}
   (You found it on level 1 of the Dungeon)
 n - a ring of protection from fire
   (You found it on level 1 of the Dungeon)
 p - a +4 ring of protection (left hand)
   (You found it on level 2 of the Dungeon)
 A - a +6 ring of intelligence
   (You found it on level 3 of the Dungeon)
 F - a ring of flight
   (You found it on level 4 of the Dungeon)
 I - a +6 ring of dexterity (right hand)
   (You found it on level 6 of the Dungeon)
 J - a ring of ice
   (You found it on level 7 of the Dungeon)
 K - an amulet of the acrobat (around neck)
   (You found it on level 7 of the Dungeon)
Wands
 e - a wand of polymorph (6)
   (You found it on level 12 of the Dungeon)
 w - a wand of digging (10)
   (You found it on level 1 of the Lair of Beasts)
 y - a wand of flame (38)
   (You took it off Grinder on level 3 of the Dungeon)
 O - a wand of mindburst (18)
   (You found it on level 8 of the Dungeon)
 P - a wand of quicksilver (5)
   (You found it on level 3 of the Lair of Beasts)
 S - a wand of charming (19)
   (You found it on level 10 of the Dungeon)
 W - a wand of iceblast (2)
   (You found it in a Gauntlet)
Scrolls
 b - 4 scrolls of immolation {!r!r}
 c - a scroll of poison {!r}
 d - 8 scrolls of teleportation {@r4}
 g - 5 scrolls of torment {!r}
 i - 2 scrolls of magic mapping {!r}
 j - 3 scrolls of fear
 k - 2 scrolls of summoning
 q - 2 scrolls of enchant armour
 C - 7 scrolls of vulnerability {!r!r}
 G - 5 scrolls of amnesia
 M - 3 scrolls of fog
 X - 2 scrolls of brand weapon
 Y - a scroll of blinking {unknown}
Potions
 f - 2 potions of invisibility
 l - a potion of cancellation {unknown}
 o - 5 potions of attraction {unknown}
 r - 3 potions of might {unknown}
 t - 2 potions of ambrosia {unknown}
 u - 8 potions of mutation {unknown}
 v - 4 potions of lignification {unknown}
 x - 8 potions of curing {@q1}
 z - 7 potions of heal wounds {unknown}
 B - 2 potions of haste {unknown}
 D - 4 potions of brilliance
 E - 2 potions of berserk rage {unknown}
 R - a potion of flight {unknown}
 T - a potion of magic {unknown}
 Z - a potion of resistance {unknown}
Miscellaneous
 h - a box of beasts
   (You found it on level 5 of the Lair of Beasts)
 V - a tin of tremorstones (2/2) {throwing}
   (You found it in a Gauntlet)

Dungeon Overview and Level Annotations

Branches:
Dungeon (13/15) Zot: 25981  Temple (1/1) D:4 Zot: 5913    Lair (6/6) D:8 Zot: 25181
  Swamp (0/4) Lair:2       Spider (0/4) Lair:3        Slime (0/5) Lair:5
    Orc (1/2) D:11 Zot: 5941 Gauntlet (visited)
 Vaults: D:13-14

Altars:
Ashenzari
Cheibriados
Dithmenos
Elyvilon
Fedhas
Gozag
Hepliaklqana
Kikubaaqudgha
Makhleb
Nemelex Xobeh
Okawaru
Qazlal
Ru
Sif Muna
Trog
Uskayaw
Vehumet
Wu Jian
Xom
Yredelemnul
Zin
The Shining One
Jiyva

Shops:
D:5 *   D:6 [   D:9 (   D:10 *   D:12 (

Annotations:
D:10 exclusion: orange crystal statue
D:11 exclusion: 3 doors
Lair:2 2 transporters, Qyfeak's ghost, journeyman DjVM
Lair:5 2 transporters

.......## ♣≈.≈≈°≈P♣♣ ♣♣≈≈
........## ♣♣♣.°D≈°.♣♣ ♣♣≈≈.
......P#.# ♣.○°.≈○.♣♣♣≈≈..
......######### ♣..♣♣♣☼♣°.≈°≈≈..♣
......P# #.#..#♣... ♣♣♣D≈..≈...♣
......## ##...#♣♣♣♣ ♣♣♣≈.♣○....♣♣
...P.### ##....♣♣♣♣♣♣≈≈.♣..♣..♣♣
.....#.# #....P○○○♣○☼D.♣♣...♣♣♣
......## ###..♣≈@°☼○○♣...P.♣♣
.....## ##..≈○♣♣○○♣.♣P♣♣♣♣ .....#
#...≈♣♣♣♣♣♣♣♣♣♣ .....# ####..P♣
.....####.....######### ###
.....P.#.##.......##..# ###.#
............P...#...P.#######....
........................#..#.....
.................................


You could see a swamp dragon (catching breath).


Message History

The ball of steam hits you. You resist.
HP[-2]
You take 2 damage, and now have 71/73 hp.
You enter the shallow water.
Moving in this stuff is going to be slow.
The swamp dragon breathes poison at you.
The blast of poison misses you.
You enter the shallow water.
Moving in this stuff is going to be slow.
You are engulfed in poison gas.
You are poisoned.
You feel very sick.
HP[-7]
You take 7 damage, and now have 64/73 hp.
You are engulfed in poison gas.
You are more poisoned.
You feel extremely sick.
HP[-17]
You take 17 damage, and now have 47/73 hp.
MASSIVE DAMAGE!! (PAUSE)
You are engulfed in poison gas.
You are more poisoned.
You feel very sick.
HP[-10]
You take 10 damage, and now have 37/73 hp.
You feel very sick.
HP[-4]
You take 4 damage, and now have 33/73 hp.
You feel better.
The steam dragon is engulfed in poison gas.
The steam dragon is poisoned.
HP[+10]
You regained 10 hp, and now have 43/73 hp.
You enter the shallow water.
Moving in this stuff is going to be slow.
The swamp dragon breathes poison at you.
The blast of poison misses you.
HP[+1] Unknown command.
Why would you want to do that?
Unknown command.
You are engulfed in poison gas.
You are poisoned.
You feel very sick.
HP[-7]
You take 7 damage, and now have 37/73 hp.
You are engulfed in poison gas.
You are more poisoned.
* * * LOW HITPOINT WARNING * * *
x2 You feel very sick.
HP[-7]
You take 7 damage, and now have 30/73 hp.
* * * LOW HITPOINT WARNING * * *
You feel very sick.
HP[-4]
You take 4 damage, and now have 26/73 hp.
You feel better.
HP[+11]
You regained 11 hp, and now have 37/73 hp.
You enter the shallow water.
Moving in this stuff is going to be slow.
The swamp dragon breathes poison at you.
The blast of poison misses you.
You are engulfed in poison gas.
You are poisoned.
* * * LOW HITPOINT WARNING * * *
You feel very sick.
HP[-13]
You take 13 damage, and now have 24/73 hp.
You feel sick.
HP[-1]
You take 1 damage, and now have 23/73 hp.
You feel sick.
HP[-1]
You take 1 damage, and now have 22/73 hp.
You enter the shallow water.
Moving in this stuff is going to be slow.
You feel sick.
HP[-1]
You take 1 damage, and now have 21/73 hp.
You feel sick.
HP[-2]
You take 2 damage, and now have 19/73 hp.
Why would you want to do that?
You feel sick.
You feel sick.
The swamp dragon breathes poison at you.
The blast of poison misses you.
HP[-1]
You take 1 damage, and now have 18/73 hp.
You enter the shallow water.
Moving in this stuff is going to be slow.
You are engulfed in poison gas.
You are lethally poisoned!
* * * LOW HITPOINT WARNING * * *
x2 You feel very sick.
HP[-9]
You take 9 damage, and now have 9/73 hp.
You are engulfed in poison gas.
You are more poisoned.
* * * LOW HITPOINT WARNING * * *
You die...

Skill      XL: |  1  2  3  4  5  6  7  8  9 10 11 12 13 14 |
---------------+-------------------------------------------+-----
Ranged Weapons | 5 6 8 10 11 14 16 18 | 18.0
Stealth        | 4 5 10 | 10.0
Dodging        | 7 10 13 15 | 15.0
Fighting       | 6 8 |  8.0
Evocations     | 10 | 10.0
Spellcasting   | 5 |  5.0
Translocations | 10 11 | 11.8
Summonings     | 2 4 |  4.8

Action                   |  1- 3 |  4- 6 |  7- 9 | 10-12 | 13-15 || total
-------------------------+-------+-------+-------+-------+-------++-------
 Fire: Shortbow          |    86 |   174 |   405 |   719 |       ||  1384
       Arbalest          |       |       |       |   219 |   393 ||   612
  Use: Scroll            |       |       |       |    22 |     1 ||    23
       Potion            |       |       |       |       |     3 ||     3
Armor: Robe              |     2 |    20 |    16 |    21 |    11 ||    70
Dodge: Dodged            |    17 |    58 |   122 |   374 |   229 ||   800

Levels and vault maps discovered:
D:1:      scummos_arrival_star, layout_loops_ring, minmay_close_crescents
D:2:      layout_basic, ebering_ecumenical_altar_mist, basic_altar,
          cheibrodos_gnoll_hut
D:3:      layout_basic, grunt_decor_cap, minmay_circle_x, uniq_grinder
D:4:      cheibrodos_helix_gallery, layout_basic, temple_fountains, uniq_robin
D:5:      layout_loops_ring, grunt_temple_overflow_open, serial_bayou,
          serial_bayou_shore_a, serial_bayou_lagoon_a, serial_bayou_pond_e,
          serial_bayou_pond_c, nicolae_shop_overcharged_wands
D:6:      layout_cave_pods, serial_shops, nicolae_shop_statue_plus
D:7:      layout_loops_cross
D:8:      layout_basic, erik_lair_orcish_takeover, grunt_decor_junction
D:9:      layout_stronghold, serial_shops, nicolae_shop_behind_doors
D:10:     layout_gridville, lemuel_doored_altar, serial_shops, shop,
          disabler_island
D:11:     layout_irregular_city, david_orc_2, fungi_pond_lemuel
D:12:     layout_loops_ring, nicolae_shop_firing_range
D:13:     layout_long_grid
Temple:   compressed_dpeg_triangle_lava_temple
Lair:1:   layout_cave_pods, gauntlet_entry_generic, grunt_megastairs_1
Lair:2:   layout_chaotic_city, swamp_mist_pool, gammafunk_ghost_arena,
          lemuel_fruit_tree
Lair:3:   layout_cave_pods, hellmonk_spider_entry_not_the_bees,
          infiniplex_staircase_pool
Lair:4:   layout_hall_layers
Lair:5:   gammafunk_boulding_lane, layout_gridlike, slime_entry_1,
          grunt_megastairs_2
Lair:6:   guppyfry_lair_end_dragon, layout_cave_shapes,
          hangedman_lair_caniforms_friends
Orc:1:    layout_diamond_mine, uniq_sonja

Notes
Turn   | Place    | Note
-------+----------+-------------------------------------------
     0 | D:1      | zeratav the Spriggan Hunter began the quest for the Orb.
     0 | D:1      | Reached XP level 1. HP: 10/10 MP: 2/2
     0 | D:1      | magus.rc [v1.9.6]
     4 | D:1      | You pick up a book of Changes and begin reading...
     4 | D:1      | You add the spells Beastly Appendage, Wereblood and Spider
                  | Form to your library.
   137 | D:1      | Reached skill level 5 in Ranged Weapons
   294 | D:1      | Reached XP level 2. HP: 13/14 MP: 3/3
   700 | D:2      | Reached skill level 6 in Ranged Weapons
   728 | D:2      | Reached XP level 3. HP: 18/18 MP: 4/4
   914 | D:2      | Found a burning altar of Makhleb.
   915 | D:2      | Found a faded altar of an unknown god.
  1298 | D:2      | You pick up a book of Flames and begin reading...
  1298 | D:2      | You add the spells Foxfire, Conjure Flame, Inner Flame and
                  | Flame Wave to your library.
  1428 | D:3      | Reached XP level 4. HP: 22/22 MP: 5/5
  1505 | D:3      | Reached skill level 7 in Ranged Weapons
  1569 | D:3      | Noticed Grinder
  1580 | D:3      | Paralysed by Grinder for 2 turns
  1605 | D:3      | Paralysed by Grinder for 2 turns
  1607 | D:3      | Killed Grinder
  1608 | D:3      | Reached skill level 8 in Ranged Weapons
  1608 | D:3      | Reached XP level 5. HP: 25/25 MP: 6/6
  1608 | D:3      | Reached XP level 6. HP: 30/30 MP: 7/7
  1724 | D:3      | Reached skill level 9 in Ranged Weapons
  2071 | D:4      | Found a staircase to the Ecumenical Temple.
  2086 | Temple   | Entered the Ecumenical Temple
  2212 | Temple   | Became a worshipper of Dithmenos the Shadowed
  2340 | D:4      | Noticed Robin
  2372 | D:4      | Killed Robin
  2487 | D:4      | Reached skill level 10 in Ranged Weapons
  2487 | D:4      | Reached skill level 2 in Stealth
  2511 | D:4      | Reached skill level 4 in Stealth
  2511 | D:4      | Reached XP level 7. HP: 29/33 MP: 8/8
  2536 | D:4      | You pick up a book of Alchemy and begin reading...
  2536 | D:4      | You add the spells Sublimation of Blood, Petrify and
                  | Irradiate to your library.
  2658 | D:4      | You pick up a book of Changes and begin reading...
  2788 | D:5      | Entered Level 5 of the Dungeon
  2825 | D:5      | Reached * piety under Dithmenos
  2826 | D:5      | Reached skill level 5 in Stealth
  3060 | D:5      | Reached skill level 11 in Ranged Weapons
  3094 | D:5      | Identified the +8 short sword "Goblin's Peril" {vamp, SInv}
  3126 | D:5      | Found a stormy altar of Qazlal.
  3132 | D:5      | Reached XP level 8. HP: 37/37 MP: 9/9
  3132 | D:5      | Found a hazy altar of Hepliaklqana.
  3163 | D:5      | You pick up a book of Flames and begin reading...
  3201 | D:5      | Found Toagg's Overcharged Wands.
  3770 | D:6      | Reached skill level 12 in Ranged Weapons
  4143 | D:6      | Found Cuffunef's Armour Emporium.
  4240 | D:6      | Reached skill level 13 in Ranged Weapons
  4660 | D:7      | Reached ** piety under Dithmenos
  4753 | D:7      | Reached skill level 14 in Ranged Weapons
  4813 | D:7      | You pick up a book of Winter and begin reading...
  4813 | D:7      | You add the spells Ozocubu's Armour, Metabolic Englaciation
                  | and Simulacrum to your library.
  4923 | D:7      | Reached XP level 9. HP: 41/41 MP: 10/10
  5408 | D:8      | Reached skill level 15 in Ranged Weapons
  5562 | D:8      | HP: 7/41 [warg (10)]
  5875 | D:8      | Found a staircase to the Lair.
  5886 | D:8      | Reached skill level 16 in Ranged Weapons
  5886 | D:8      | Reached skill level 3 in Dodging
  5888 | D:8      | Reached skill level 4 in Dodging
  5924 | D:8      | Reached skill level 5 in Dodging
  5927 | D:8      | Identified the +0 pair of gloves "Caurghuf" {Str+6}
  5970 | D:8      | Reached skill level 6 in Dodging
  6147 | D:8      | Reached *** piety under Dithmenos
  6155 | D:8      | Reached skill level 7 in Dodging
  6237 | D:8      | Reached XP level 10. HP: 46/46 MP: 11/11
  6580 | D:9      | Found Iduxt's Weapon Shop.
  6661 | D:9      | Reached skill level 8 in Dodging
  6959 | D:9      | You pick up a book of Lightning and begin reading...
  6959 | D:9      | You add the spells Static Discharge, Lightning Bolt and
                  | Maxwell's Capacitive Coupling to your library.
  7144 | D:9      | Reached skill level 9 in Dodging
  7520 | D:10     | Entered Level 10 of the Dungeon
  7845 | D:10     | Found Vorit's General Store.
  7845 | D:10     | Noticed a two-headed ogre
  7867 | D:10     | Killed a two-headed ogre
  7868 | D:10     | Reached skill level 10 in Dodging
  7868 | D:10     | Reached skill level 3 in Fighting
  7930 | D:10     | Noticed an orange crystal statue
  8496 | D:10     | Reached skill level 4 in Fighting
  8684 | D:10     | Reached **** piety under Dithmenos
  8685 | D:10     | Reached skill level 5 in Fighting
  8740 | D:10     | Reached skill level 6 in Fighting
  9034 | D:10     | Found a shimmering altar of Xom.
  9445 | D:11     | Reached XP level 11. HP: 53/57 MP: 12/12
  9482 | D:11     | Found a staircase to the Orcish Mines.
  9685 | D:11     | You pick up a book of Rime and begin reading...
  9685 | D:11     | You add the spells Frozen Ramparts, Ice Form and Summon Ice
                  | Beast to your library.
  9774 | D:11     | Noticed a boulder beetle
  9785 | D:11     | Identified 2 scrolls of acquirement
  9800 | D:11     | Acquired 714 gold pieces
  9812 | D:11     | Acquired 1103 gold pieces
  9848 | D:11     | HP: 14/58 [boulder beetle (14)]
 10148 | D:11     | Reached skill level 7 in Fighting
 10468 | D:12     | Noticed a green ugly thing
 10497 | D:12     | Killed a green ugly thing
 10607 | D:12     | Found Cant's Firing Range.
 10644 | D:12     | Reached skill level 8 in Fighting
 10644 | D:12     | Reached skill level 1 in Evocations
 10708 | D:12     | Reached skill level 3 in Evocations
 10886 | D:12     | HP: 13/60 [gargoyle/stone arrow (29)]
 10901 | D:12     | Reached skill level 4 in Evocations
 11358 | D:12     | Reached skill level 5 in Evocations
 11621 | D:12     | Reached skill level 6 in Evocations
 11764 | D:12     | Noticed a deep elf pyromancer
 11784 | D:12     | Killed a deep elf pyromancer
 11785 | D:12     | Reached skill level 7 in Evocations
 12001 | D:13     | Noticed a two-headed ogre
 12030 | D:12     | Killed a two-headed ogre
 12031 | D:12     | Reached skill level 8 in Evocations
 12065 | Orc:1    | Entered Level 1 of the Orcish Mines
 12438 | Orc:1    | Noticed an orc knight
 12450 | Orc:1    | Reached ***** piety under Dithmenos
 12451 | Orc:1    | Reached skill level 9 in Evocations
 12591 | Orc:1    | Noticed an orc sorcerer
 12592 | Orc:1    | Paralysed by an orc sorcerer for 5 turns
 12735 | D:11     | HP: 11/60 [orc knight/bolt (23)]
 13135 | D:11     | Killed an orc knight
 13281 | Lair:1   | Entered Level 1 of the Lair of Beasts
 13281 | Lair:1   | Found a gate leading to a gauntlet.
 13342 | Gauntlet | Entered a Gauntlet
 13342 | Gauntlet | Found a transporter.
 13350 | Gauntlet | Found a transporter.
 13352 | Gauntlet | Found a transporter.
 13363 | Gauntlet | Found a transporter.
 13376 | Gauntlet | Found a transporter.
 13380 | Gauntlet | Noticed a fire crab
 13382 | Gauntlet | Found a transporter.
 13382 | Gauntlet | Noticed a reaper
 13397 | Gauntlet | Found a transporter.
 13416 | Gauntlet | Found a transporter.
 13428 | Gauntlet | Found a transporter.
 13428 | Gauntlet | Noticed an orange crystal statue
 13433 | Gauntlet | Found a transporter.
 13450 | Gauntlet | Found a transporter.
 13452 | Gauntlet | Noticed a four-headed hydra
 13455 | Gauntlet | Found a transporter.
 13478 | Gauntlet | Found a transporter.
 13487 | Gauntlet | Found a transporter.
 13487 | Gauntlet | Noticed a glowing orange brain
 13489 | Gauntlet | Found a transporter.
 13493 | Gauntlet | Noticed a death drake
 13493 | Gauntlet | a cyclops changed into a death drake
 13502 | Gauntlet | Noticed a sixfirhy
 13503 | Gauntlet | Noticed a sixfirhy
 13506 | Gauntlet | Found a transporter.
 13507 | Gauntlet | Noticed a sixfirhy
 13509 | Gauntlet | Noticed a glowing orange brain
 13509 | Gauntlet | a snapping turtle changed into a glowing orange brain
 13513 | Gauntlet | Noticed a sixfirhy
 13530 | Gauntlet | Found a transporter.
 13549 | Gauntlet | Found a transporter.
 13686 | Gauntlet | Noticed a shock serpent
 13686 | Gauntlet | Noticed an emperor scorpion
 13907 | Gauntlet | Reached skill level 10 in Evocations
 14170 | Gauntlet | Noticed a wolf spider
 14170 | Gauntlet | Noticed a wolf spider
 14179 | Gauntlet | Noticed a wolf spider
 14226 | Gauntlet | Identified the ring "Fuyj" {rPois rF+ rN++ Int+6 Dex-5}
 14451 | Gauntlet | Noticed a minotaur
 14458 | Gauntlet | Killed a minotaur
 14459 | Gauntlet | Reached XP level 12. HP: 47/64 MP: 13/13
 14465 | Gauntlet | Identified the +2 robe "Kuwiar" {rF+}
 14465 | Gauntlet | Identified the +7 morningstar "Pede" {freeze, rElec rPois
                  | Str+6 Dex-2}
 15076 | Lair:1   | You add the spells Summon Forest, Eringya's Noxious Bog and
                  | Summon Hydra to your library.
 15249 | Lair:1   | Reached skill level 17 in Ranged Weapons
 15413 | Lair:2   | Found a transporter.
 15427 | Lair:2   | Noticed Qyfeak's ghost (journeyman DjVM)
 15457 | Lair:2   | Found a staircase to the Swamp.
 15701 | Lair:2   | Found a transporter.
 15739 | Lair:2   | Noticed an eight-headed hydra
 15748 | Lair:2   | Killed an eight-headed hydra
 16113 | Lair:3   | Reached skill level 18 in Ranged Weapons
 16113 | Lair:3   | Reached skill level 1 in Spellcasting
 16166 | Lair:3   | Reached skill level 2 in Spellcasting
 16168 | Lair:3   | Reached skill level 3 in Spellcasting
 16256 | Lair:3   | Reached skill level 4 in Spellcasting
 16285 | Lair:3   | Reached skill level 5 in Spellcasting
 16587 | Lair:3   | Found a hole to the Spider Nest.
 16724 | Lair:3   | Reached skill level 11 in Dodging
 17010 | Lair:4   | Reached skill level 12 in Dodging
 17169 | Lair:4   | Identified the +5 hand axe of Doors {flame, rCorr SInv}
 17387 | Lair:4   | Reached skill level 13 in Dodging
 17635 | Lair:5   | Found a viscous altar of Jiyva.
 17635 | Lair:5   | Found a staircase to the Slime Pits.
 17764 | Lair:5   | Found a transporter.
 17766 | Lair:5   | Found a transporter.
 17767 | Lair:5   | Noticed a boulder beetle
 17915 | Lair:5   | Reached XP level 13. HP: 68/68 MP: 21/21
 17921 | Lair:5   | You pick up a book of the Sky and begin reading...
 17921 | Lair:5   | You add the spells Summon Lightning Spire and Storm Form to
                  | your library.
 18293 | Lair:5   | Reached skill level 14 in Dodging
 18383 | Lair:5   | Reached skill level 15 in Dodging
 18385 | Lair:5   | Reached skill level 1 in Translocations
 18398 | Lair:5   | Reached skill level 2 in Translocations
 18399 | Lair:5   | Reached skill level 6 in Stealth
 18399 | Lair:5   | Reached skill level 3 in Translocations
 18492 | Lair:5   | Reached skill level 7 in Stealth
 18492 | Lair:5   | Reached skill level 4 in Translocations
 18858 | Lair:6   | Entered Level 6 of the Lair of Beasts
 18864 | Lair:6   | Reached skill level 5 in Translocations
 18869 | Lair:6   | Reached ****** piety under Dithmenos
 18875 | Lair:5   | Reached skill level 8 in Stealth
 18983 | Lair:5   | Reached skill level 6 in Translocations
 19163 | Lair:5   | Reached skill level 9 in Stealth
 19354 | Lair:6   | Reached skill level 7 in Translocations
 19374 | Lair:6   | Reached skill level 10 in Stealth
 19374 | Lair:6   | Reached skill level 8 in Translocations
 19490 | Lair:6   | Reached skill level 1 in Summonings
 19509 | Lair:6   | Reached skill level 9 in Translocations
 19761 | Lair:6   | Reached skill level 2 in Summonings
 19833 | Lair:6   | Reached skill level 10 in Translocations
 19833 | Lair:6   | Reached XP level 14. HP: 61/73 MP: 22/22
 19849 | Lair:6   | Reached skill level 3 in Summonings
 20265 | Lair:6   | Reached skill level 4 in Summonings
 20289 | Lair:6   | Reached skill level 11 in Translocations
 20576 | Lair:6   | You pick up a book of Minor Magic and begin reading...
 20576 | Lair:6   | You add the spells Magic Dart, Call Imp and Mephitic Cloud
                  | to your library.
 21005 | Lair:6   | HP: 18/73 [poisoned by something (poison gas)]
 21007 | Lair:6   | HP: 2/73 [swamp dragon] (7)]
 21007 | Lair:6   | Succumbed to a swamp dragon's poison gas

Vanquished Creatures
  A minotaur (Gauntlet)
  A fire dragon (Lair:6)
  5 hydras
  An anaconda (Lair:6)
  A catoblepas (Lair:6)
  2 two-headed ogres
  5 death yaks (Lair:5)
  A lindwurm (Lair:4)
  A deep elf pyromancer (D:12)
  An orc knight (D:11)
  A worldbinder (Gauntlet)
  An ugly thing (D:12)
  2 cyclopes (D:12)
  19 elephants
  A black mamba (Lair:2)
  4 gargoyles
  An unseen horror (D:12)
  12 cane toads
  10 komodo dragons
  4 rime drakes (Lair:6)
  2 kobold demonologists (D:10)
  A meliai (Lair:3)
  10 polar bears (Lair:6)
  A hornet (D:9)
  11 blink frogs
  Grinder (D:3)
  5 slime creatures
  11 dream sheep
  5 basilisks
  5 shadows
  A wraith (D:11)
  13 yaks
  3 wyverns
  2 steam dragons
  3 vampire mosquitoes (D:10)
  8 wargs
  10 water moccasins
  17 hell hounds (Lair:6)
  4 acid dragons
  5 orc warriors
  2 swamp drakes (Lair:6)
  17 black bears
  A sky beast (D:7)
  2 ice beasts
  2 ogres (D:5)
  26 wolves
  2 centaurs
  6 kobold brigands
  13 bullfrogs
  3 scorpions
  3 gnoll sergeants
  4 wights (D:8)
  15 killer bees
  An electric eel (D:11)
  A howler monkey (D:9)
  5 lava snakes
  4 hounds
  6 jellies
  6 orc priests
  A gnoll shaman (D:7)
  8 iguanas
  11 orc wizards
  Robin (D:4)
  28 gnolls
  7 adders
  3 shadow imps
  An ufetubus (D:4)
  A worm (D:2)
  2 dart slugs (D:2)
  30 orcs
  7 ball pythons
  9 endoplasms
  4 giant cockroaches
  14 goblins
  8 hobgoblins
  6 jackals
  27 kobolds
  6 quokkas
  4 bats
  2 frilled lizards
  6 rats
497 creatures vanquished.

Vanquished Creatures (others)
  24 demonic plants (Gauntlet)
  25 fungi
  62 plants
111 creatures vanquished.

Grand Total: 608 creatures vanquished

Table legend:
 A = Non-vault XP
 B = Vault XP
 C = Vault XP percentage of total XP
 D = Non-vault monster count
 E = Vault monster count
 F = Vault count percentage of total count
                 A         B        C        D         E       F
            +---------+---------+-------+---------+---------+-------
      Total |   57525 |   19102 |  24.9 |     370 |     127 |  25.6
            +---------+---------+-------+---------+---------+-------
        D:1 |      14 |       3 |  17.6 |       8 |       2 |  20.0
        D:2 |      58 |      18 |  23.7 |      24 |       3 |  11.1
        D:3 |     104 |     286 |  73.3 |      18 |       7 |  28.0
        D:4 |     279 |      82 |  22.7 |      20 |      14 |  41.2
        D:5 |     721 |       0 |   0.0 |      17 |       0 |   0.0
        D:6 |     649 |       0 |   0.0 |      11 |       0 |   0.0
        D:7 |    1040 |       0 |   0.0 |      22 |       0 |   0.0
        D:8 |    1685 |     669 |  28.4 |      27 |       9 |  25.0
        D:9 |    1214 |       0 |   0.0 |      22 |       0 |   0.0
       D:10 |    3801 |     190 |   4.8 |      25 |       4 |  13.8
       D:11 |    2251 |     159 |   6.6 |      25 |       7 |  21.9
       D:12 |    5881 |       0 |   0.0 |      15 |       0 |   0.0
     Lair:1 |    1760 |     147 |   7.7 |      12 |       1 |   7.7
     Lair:2 |    3437 |       0 |   0.0 |      13 |       0 |   0.0
     Lair:3 |    5752 |     370 |   6.0 |      22 |       2 |   8.3
     Lair:4 |    3557 |       0 |   0.0 |      14 |       0 |   0.0
     Lair:5 |   13092 |    2032 |  13.4 |      28 |       5 |  15.2
     Lair:6 |   10767 |   13526 |  55.7 |      30 |      69 |  69.7
      Orc:1 |     668 |       0 |   0.0 |      15 |       0 |   0.0
   Gauntlet |     795 |    1620 |  67.1 |       2 |       4 |  66.7
            +---------+---------+-------+---------+---------+-------

Illustrated notes

Table legend:
 A = Kills in this place as a percentage of kills in entire the game.
 B = Kills by you in this place as a percentage of kills by you in the entire game.
 C = Kills by friends in this place as a percentage of kills by friends in the entire game.
 D = Other kills in this place as a percentage of other kills in the entire game.
 E = Experience gained in this place as a percentage of experience gained in the entire game.
 F = Experience gained in this place divided by the number of levels of this place that you have seen.
                   A       B       C       D       E      F
               +-------+-------+-------+-------+-------+----------------------
         Total | 100.0 | 100.0 |   N/A |   N/A | 100.0 | 3483.0
       Dungeon |  56.3 |  56.3 |   N/A |   N/A |  24.9 | 1469.5
          Lair |  39.4 |  39.4 |   N/A |   N/A |  71.0 | 9073.3
  Orcish Mines |   3.0 |   3.0 |   N/A |   N/A |   0.9 | 668.0
      Gauntlet |   1.2 |   1.2 |   N/A |   N/A |   3.2 | 2415.0
               +-------+-------+-------+-------+-------+----------------------

Table legend: (Time is in decaauts)
 A = Elapsed time spent in this place.
 B = Non-inter-level travel time spent in this place.
 C = Inter-level travel time spent in this place.
 D = Time resting spent in this place.
 E = Time spent auto-exploring this place.
 F = Levels seen in this place.
 G = Mean time per level.
                   A        B        C        D        E       F      G
               +--------+--------+--------+--------+--------+-----+--------+
         Total |  15190 |  14714 |    476 |   3075 |   8207 |  22 |  690.5 |
       Dungeon |   9404 |   9027 |    377 |   1950 |   5111 |  13 |  723.4 |
        Temple |     86 |     73 |     13 |      0 |     63 |   1 |   86.0 |
          Lair |   4726 |   4641 |     85 |    731 |   2892 |   6 |  787.7 |
  Orcish Mines |     58 |     58 |      0 |      0 |      0 |   1 |   58.0 |
      Gauntlet |    914 |    914 |      0 |    393 |    139 |   1 |  914.0 |
               +--------+--------+--------+--------+--------+-----+--------+

Top non-repeatable levels by time:
    D:11: 1598 daAuts
    D:10: 1414 daAuts
  Lair:6: 1385 daAuts
    D:12: 1327 daAuts
  Lair:5: 1322 daAuts
Gauntlet: 914 daAuts
     D:8: 854 daAuts
     D:9: 749 daAuts
     D:5: 645 daAuts
  Lair:3: 614 daAuts
     D:6: 566 daAuts
     D:2: 559 daAuts
  Lair:1: 541 daAuts
     D:4: 469 daAuts
  Lair:2: 460 daAuts
